AoeStats
← its big brain time

Arabia

507292091Analyzed
1v1 RM · 16d ago on Sep 17, 2026· 38m 10s· 2 players
Game mode
Random Map
Map size
Tiny (2 player)
Population
200
Speed
Normal
Resources
Standard
Victory
Conquest
Starting age
Dark Age
Ending age
Imperial Age
RankedLock teamsTeams togetherTeam positionsShared explorationLock speedFull tech treeHidden civsTurbo modeCheats
Victory
Defeat
🇵🇱 Ethiopians · Poland
1685
+15
🇹🇷 Burmese · Türkiye
1656
-15
its big brain time
6:44 Loom
9:21 Feudal Age
19:39 Gold Mining
19:38 Horse Collar
24:03 Castle Age
22:55 Fletching
23:14 Scale Barding Armor
24:45 Bloodlines
25:16 Bodkin Arrow
25:52 Elite Skirmisher
32:45 Wheelbarrow
32:48 Forging
Shashlyk
7:01 Loom
9:22 Feudal Age
9:24 Man-at-Arms
9:49 Double-Bit Axe
21:02 Castle Age
19:07 Gold Mining
19:08 Fletching
20:11 Horse Collar
21:29 Crossbowman
24:54 Bodkin Arrow
25:01 Padded Archer Armor
28:05 Ballistics
29:06 Leather Archer Armor
31:25 Bow Saw
33:13 Thumb Ring
34:21 Wheelbarrow
38:31 Imperial Age
Connection lost

Rejoining the realm…

Still unreachable

The connection could not be restored.

Session expired

The server has moved on; the page needs a fresh start.